 Dungeon Crawl Stone Soup version 0.18-a0-1027-g814d7dd (webtiles) character file.

98 George the Slasher (level 4, 0/33 HPs)
             Began as a Demonspawn Gladiator on Jan 8, 2016.
             Killed from afar by an orc wizard (7 damage)
             ... with a magic dart
             ... on level 3 of the Dungeon.
             The game lasted 00:02:14 (1761 turns).

George the Slasher (Demonspawn Gladiator)           Turns: 1761, Time: 00:02:15

Health: 0/33       AC: 10    Str: 16    XL:     4   Next: 44%
Magic:  4/4        EV:  9    Int: 10    God:
Gold:   127        SH:  0    Dex: 13    Spells: 0 memorised, 3 levels left

rFire  . . .     SeeInvis .     a - +0 long sword
rCold  . . .     Gourm    .     t - +0 chain mail
rNeg   . . .     Faith    .     (no shield)
rPois  .         Spirit   .     c - +0 helmet
rElec  .         Dismiss  .     (no cloak)
rCorr  .         Reflect  .     m - +0 pair of gloves
SustAt .         Harm     .     (no boots)
MR     .....                    (no amulet)
Stlth  ..........               (no ring)
                                w - +2 ring of evasion

@: not resistant to hostile enchantments, extremely unstealthy
A: hooves 1, powered by pain 1
a: no special abilities


You were on level 3 of the Dungeon.
You were not hungry.

You visited 1 branch of the dungeon, and saw 3 of its levels.

You collected 127 gold pieces.

Inventory:

Hand Weapons
 a - a +0 long sword (weapon)
Missiles
 d - 3 throwing nets (quivered)
Armour
 c - a +0 helmet (worn)
 m - a +0 pair of gloves (worn)
 t - a +0 chain mail (worn)
Jewellery
 w - a +2 ring of evasion (left hand)
Wands
 y - a wand of paralysis (17/24)
Scrolls
 g - 2 scrolls of remove curse {unknown}
 j - a scroll of recharging {unknown}
 k - a scroll of fog {unknown}
 l - a scroll of identify {unknown}
 r - a scroll of amnesia {unknown}
 u - a scroll of magic mapping {unknown}
 x - a scroll of blinking {unknown}
Potions
 h - a potion of haste {unknown}
 i - 2 potions of mutation {unknown}
 o - a potion of ambrosia {unknown}
 p - a potion of curing {unknown}
 q - 2 potions of cancellation {unknown}
Comestibles
 f - 3 bread rations
 n - 3 fruits
 v - 2 meat rations


   Skills:
 - Level 2.0 Fighting
 + Level 4.8 Long Blades
 - Level 1.7 Throwing
 - Level 2.6 Dodging


You had 3 spell levels left.
You didn't know any spells.

Dungeon Overview and Level Annotations

Branches:
Dungeon (3/15)

Altars:
Ashenzari
Trog


Innate Abilities, Weirdness & Mutations

You have large cloven feet.
You sometimes gain a little power by taking damage.


Message History

A magic dart appears from out of thin air!
The magic dart hits you! Something hits you but does no damage.
You closely miss something. Your kick misses something.
You hear some strange, mumbled words.
A magic dart appears from out of thin air!
The magic dart hits you!
* * * LOW HITPOINT WARNING * * *
You hit something but do no damage. Something hits you but does no damage.
You closely miss something.
You hear some strange, mumbled words.
A magic dart appears from out of thin air!
The magic dart hits you!
* * * LOW HITPOINT WARNING * * *
You barely miss something. Something hits you but does no damage.
You closely miss something. Your kick misses something.
Something hits you but does no damage.
You hear some strange, mumbled words.
A magic dart appears from out of thin air!
The magic dart hits you!
You die...

####.#.#.# # #<.......#
#....#.#.# # #........#
#...>#.#.# # #........#
##.###.#.# # #........#
#......#.# # #........#
#.########.# # #........#
#......<...# #
#........###################
+......).')@.<..........)...
#........###################
#........# # ########## #


There were no monsters in sight!

Vanquished Creatures
  3 adders (D:2)
  An ooze (D:2)
  4 worms (D:2)
  4 giant geckos
  3 orcs (D:3)
  2 giant cockroaches
  2 goblins (D:1)
  5 hobgoblins
  4 jackals (D:2)
  5 kobolds
  A ball python (D:2)
  A bat (D:1)
  9 giant newts
  7 rats
51 creatures vanquished.

Notes
Turn   | Place    | Note
--------------------------------------------------------------
     0 | D:1      | George the Demonspawn Gladiator began the quest for the Orb.
     0 | D:1      | Reached XP level 1. HP: 16/16 MP: 1/1
   132 | D:1      | Reached skill level 3 in Long Blades
   220 | D:1      | Gained mutation: You have large cloven feet. [demonic ancestry]
   220 | D:1      | Reached XP level 2. HP: 22/22 MP: 2/2
   981 | D:2      | Reached XP level 3. HP: 17/27 MP: 3/3
   984 | D:2      | Reached skill level 4 in Long Blades
  1177 | D:2      | Found a bloodstained altar of Trog.
  1258 | D:2      | Found a shattered altar of Ashenzari.
  1294 | D:2      | Gained mutation: You sometimes gain a little power by taking damage. [demonic ancestry]
  1294 | D:2      | Reached XP level 4. HP: 26/33 MP: 4/4
  1761 | D:3      | Killed from afar by an orc wizard

Vault maps used:
D:1:      evilmike_arrival_fibonacci_small
D:2:      bloody_trog, overflow_temple_1_default, minmay_newt_pond
D:3:      minmay_misc_feat_columns, hangedman_decor_clover_reticule

Action                   |  1- 3 |  4- 6 || total
-------------------------+-------+-------++-------
Melee: Long sword        |   132 |    49 ||   181
 Stab: Sleeping          |     1 |       ||     1
  Eat: Chunk             |     1 |     2 ||     3
